 Dungeon Crawl Stone Soup version 0.32-a0-872-g59262bdc9b (webtiles) character file.

Game seed: 4269464383378149016

196 Heh the Apothecary (level 5, 0/35 HPs)
             Began as an Octopode Alchemist on Mar 31, 2024.
             Slain by a quokka (4 damage)
             ... on level 3 of the Dungeon.
             The game lasted 00:03:58 (2032 turns).

Heh the Apothecary (Octopode Alchemist)             Turns: 2032, Time: 00:03:59

Health: 0/35       AC:  1    Str:  8    XL:     5   Next: 75%
Magic:  1/10       EV: 12    Int: 17    God:
Gold:   174        SH:  0    Dex: 14    Spells: 7/11 levels left

rFire   . . .        b - +0 dagger
rCold   . . .        (no shield)
rNeg    . . .        (helmet restricted)
rPois   .            (no amulet)
rElec   .            (no ring)
rCorr   .            (no ring)
SInv    .            (no ring)
Will    .....        (no ring)
Stlth   +++          (no ring)
HPRegen 0.25/turn    (no ring)
MPRegen 0.12/turn    (no ring)
                     (no ring)

%: no passive effects
@: very slightly contaminated
A: almost no armour, amphibious, 8 rings, camouflage 1, gelatinous body 1,
(nimble swimmer 1), tentacles
a: no special abilities


You were on level 3 of the Dungeon.
You visited 1 branch of the dungeon, and saw 3 of its levels.

You collected 174 gold pieces.

Inventory:

Hand Weapons
 b - a +0 dagger (weapon)
Jewellery
 h - a +4 ring of protection
Wands
 o - a wand of mindburst (5)
Scrolls
 d - a scroll of fear {unknown}
 e - a scroll of poison {unknown}
 g - a scroll of vulnerability {unknown}
 i - 3 scrolls of teleportation
 j - 3 scrolls of identify {unknown}
 k - 2 scrolls of enchant armour {unknown}
 l - a scroll of noise {unknown}
 n - a scroll of revelation {unknown}
Potions
 a - a potion of magic
 c - a potion of berserk rage {unknown}
 f - a potion of mutation {unknown}
 m - a potion of attraction {unknown}


   Skills:
 + Level 2.5 Fighting
 + Level 2.5 Dodging
 - Level 2.6 Stealth
 * Level 3.5 Spellcasting
 - Level 1.0 Conjurations
 + Level 4.4 Alchemy


You had 7 spell levels left.
You knew the following spells:

 Your Spells              Type           Power      Damage    Failure   Level
a - Sting                 Conj/Alch      48%        1d6       5%          1
b - Mephitic Cloud        Conj/Alch/Air  9%         N/A       24%         3

Your spell library contained the following spells:

 Spells                   Type           Power      Damage    Failure   Level
 Mercury Vapours          Alch/Air       20%        N/A       10%         2
 Olgreb's Toxic Radiance  Alch           18%        N/A       26%         4
 Sticky Flame             Fire/Alch      10%        2d5       54%         4
 Freezing Cloud           Conj/Ice/Air   2%         6-21      99%         5


Dungeon Overview and Level Annotations

Branches:
Dungeon (3/15)

Altars:

Annotations:
D:3 3 runed translucent doors, 601d51SH's ghost, amateur DrEn; 601d51SH's ghost, amateur GnFi; Nornya's ghost, amateur CoAl; PimpSugar's ghost, amateur DsHW; senf's ghost, amateur OnGl


Innate Abilities, Weirdness & Mutations

You cannot wear most types of armour.
You are amphibious.
You can wear up to eight rings at the same time.
Your skin changes colour to match your surroundings (Stealth+).
Your rubbery body absorbs attacks. (AC +1, EV +1)
((You are camouflaged when in or above water. (Stealth+)))
You have tentacles for arms and can constrict up to eight enemies at once.


Message History

You squeeze the orc wizard!
The orc wizard is almost dead.
You constrict the orc wizard.
You kill the orc wizard!
The orc priest is engulfed in noxious fumes.
The orc priest appears confused.
The orc hits you from afar with a +0 trident!
You barely miss the orc priest. You grab the orc priest.
You constrict the orc priest. The orc priest misses you.
The orc priest hits itself with a +0 falchion!
The orc closely misses you.
You hit the orc priest but do no damage.
The orc priest is almost dead.
You constrict the orc priest.
You kill the orc priest!
The orc hits you from afar with a +0 trident!
* * * LOW HITPOINT WARNING * * *
Unknown command.
Your magical contamination has completely faded away.
The quokka attacks as it pursues you! The quokka bites you.
* * * LOW HITPOINT WARNING * * *
You hit the quokka but do no damage. Your grab misses the quokka.
The quokka closely misses you. x2
Okay, then.
The quokka attacks as it pursues you! The quokka barely misses you.
The quokka attacks as it pursues you! The quokka closely misses you. x2
The quokka attacks as it pursues you! The quokka barely misses you.
The quokka attacks as it pursues you! The quokka barely misses you.
The quokka bites you but does no damage.
Casting: Mephitic Cloud (quite dangerous; 24% risk of failure)
Confirm with . or Enter, or press ? or * to list all spells.
Aiming: Mephitic Cloud (quite dangerous; 24% risk of failure)
Press: ? - help, Shift-Dir - straight line, f - quokka
Aim: a quokka (chance to affect: 96%)
You miscast Mephitic Cloud.
You are very lightly contaminated with residual magic.
Nothing appears to happen.
The quokka bites you.
* * * LOW HITPOINT WARNING * * *
The quokka attacks as it pursues you! The quokka bites you.
You die...

############# #...........#
#####.#########.# #....#...<..#
#.#
#.###(#####.###.################
#.# #.# #.....@r..............#
#.# #.# #..###.##o.##########.#
#.# #.# #..# #.##..# #.# #.# #.#
#..# #.##..# #.#
#.###.####..###.##.o# #..
#.##............##..# #####..
#.##.#####..#.####..# #......
#.##.# #......##..######.###..
#.##.# #......##..#.....######


You could see an orc and a quokka.

Vanquished Creatures
  A jelly (D:3)
  An orc priest (D:3)
  An orc wizard (D:3)
  4 adders
  4 dart slugs
  4 orcs (D:3)
  9 ball pythons
  9 endoplasms
  4 giant cockroaches
  9 hobgoblins
  2 quokkas (D:1)
  3 bats
  2 frilled lizards
  2 goblins
  5 kobolds
  7 rats
67 creatures vanquished.

Notes
Turn   | Place    | Note
-------+----------+-------------------------------------------
     0 | D:1      | Heh the Octopode Alchemist began the quest for the Orb.
     0 | D:1      | Reached XP level 1. HP: 11/11 MP: 3/3
   162 | D:1      | Reached skill level 1 in Fighting
   162 | D:1      | Reached XP level 2. HP: 18/18 MP: 5/5
   352 | D:1      | Reached XP level 3. HP: 23/23 MP: 6/6
   526 | D:1      | Found a faded altar of an unknown god.
   934 | D:2      | Reached XP level 4. HP: 29/29 MP: 8/8
   938 | D:2      | Learned a level 3 spell: Mephitic Cloud
   954 | D:2      | Reached skill level 4 in Alchemy
  1469 | D:3      | Reached XP level 5. HP: 34/34 MP: 9/9
  1898 | D:3      | Found a runed translucent gate.
  1898 | D:3      | Found a runed translucent gate.
  1898 | D:3      | Found a runed translucent gate.
  1898 | D:3      | Noticed PimpSugar's ghost (amateur DsHW)
  1898 | D:3      | Noticed senf's ghost (amateur OnGl)
  1899 | D:3      | Noticed 601d51SH's ghost (amateur GnFi)
  1899 | D:3      | Noticed 601d51SH's ghost (amateur DrEn)
  1899 | D:3      | Noticed Nornya's ghost (amateur CoAl)
  2032 | D:3      | Slain by a quokka

Illustrated notes

Levels and vault maps discovered:
D:1:      dpeg_arrival_tiny_j, layout_loops_ring, ebering_ecumenical_altar_ruins
D:2:      layout_rooms, minmay_statues_item, minivault_14
D:3:      wander_river, layout_loops_ring, gammafunk_ghost_cemetery,
          grunt_ministairs_14, chequers_arboretum

Skill      XL: |  1  2  3  4 |
---------------+-------------+-----
Fighting       | 1 2 |  2.5
Alchemy        | 4 |  4.4
Spellcasting   | 3 |  3.5
Dodging        | |  2.5
Stealth        | |  2.6
Conjurations   | |  1.0

Action                     |  1- 3 |  4- 6 || total
---------------------------+-------+-------++-------
  Melee: Dagger            |    42 |    47 ||    89
         Tentacles         |    16 |    11 ||    27
         Unarmed           |     3 |       ||     3
         Constrict         |    16 |    16 ||    32
   Cast: Sting             |    11 |     3 ||    14
         Mephitic Cloud    |       |     1 ||     1
    Use: Scroll            |       |     1 ||     1
   Stab: Sleeping          |    12 |     9 ||    21
 Armour: Skin              |    19 |    20 ||    39
  Dodge: Dodged            |    18 |    31 ||    49

Table legend: (Time is in decaauts)
 A = Elapsed time spent in this place.
 B = Non-inter-level travel time spent in this place.
 C = Inter-level travel time spent in this place.
 D = Time resting spent in this place.
 E = Time spent auto-exploring this place.
 F = Levels seen in this place.
 G = Mean time per level.
                   A        B        C        D        E       F      G
               +--------+--------+--------+--------+--------+-----+--------+
         Total |   2030 |   1979 |     51 |      0 |   1575 |   3 |  676.7 |
       Dungeon |   2030 |   1979 |     51 |      0 |   1575 |   3 |  676.7 |
               +--------+--------+--------+--------+--------+-----+--------+

Top non-repeatable levels by time:
     D:1: 773 daAuts
     D:3: 767 daAuts
     D:2: 489 daAuts
